| TOP OF THE 1ST |
|
Toronto Blue Jays batting - Pitching for Seattle Pilots : LHP Randy Johnson
|
|
Pitching: LHP Randy Johnson
|
|
|
Batting: SHB Felix Jose
|
0-0: Foul Ball, location: 2F 0-1: Ball 1-1: Ball 2-1: Ball 3-1: Called Strike 3-2: Base on Balls
|
|
Batting: RHB Derek Jeter
|
0-0: Called Strike 0-1: Ball 1-1: Ball 2-1: Fly out, F8 (Flyball, 89XD, EV 87.5 MPH)
|
|
Batting: LHB Will Clark
|
0-0: Called Strike 0-1: Foul Ball, location: 2F 0-2: Ball 1-2: Strikes out swinging
|
|
Batting: RHB Mark McGwire
|
0-0: Swinging Strike 0-1: Ball 1-1: Foul Ball, location: 2F 1-2: Foul Ball, location: 2F 1-2: Ball Felix Jose is caught stealing 2nd base 2-4
|
| Top of the 1st over - 0 runs, 0 hits, 0 errors, 0 left on base; Toronto 0 - Seattle 0 |
| BOTTOM OF THE 1ST |
|
Seattle Pilots batting - Pitching for Toronto Blue Jays : RHP Melido Perez
|
|
Pitching: RHP Melido Perez
|
|
|
Batting: SHB Bill R Mueller
|
0-0: SOLO HOME RUN (Flyball, 89XD, EV 97.5 MPH), Distance : 399 ft
|
|
Batting: RHB Edgar Martinez
|
0-0: Foul Ball, location: 2F 0-1: Ball 1-1: Foul Ball, location: 2F 1-2: Ball 2-2: Fly out, F7 (Flyball, 7D, EV 104.4 MPH)
|
|
Batting: LHB Ken Griffey Jr.
|
0-0: Called Strike 0-1: Ball 1-1: TRIPLE (Flyball, 89XD, EV 98.8 MPH)
|
|
Batting: RHB Dante Bichette
|
0-0: Ball 1-0: Foul Ball, location: 2F 1-1: Ball 2-1: Foul Ball, location: 2F 2-2: Strikes out swinging
|
|
Batting: RHB Francisco Cabrera
|
0-0: Called Strike 0-1: Foul Ball, location: 2F 0-2: Strikes out swinging
|
| Bottom of the 1st over - 1 run, 2 hits, 0 errors, 1 left on base; Toronto 0 - Seattle 1 |
| TOP OF THE 2ND |
|
Toronto Blue Jays batting - Pitching for Seattle Pilots : LHP Randy Johnson
|
|
Batting: RHB Mark McGwire
|
0-0: Swinging Strike 0-1: Called Strike 0-2: Strikes out swinging
|
|
Batting: RHB Ellis Burks
|
0-0: Ball 1-0: Called Strike 1-1: Ball 2-1: Foul Ball, location: 2F 2-2: Ball 3-2: Foul Ball, location: 2F 3-2: Ground out 6-3 (Groundball, 6S, EV 68.1 MPH)
|
|
Batting: RHB Dean Palmer
|
0-0: Called Strike 0-1: Called Strike 0-2: Ball 1-2: Strikes out swinging
|
| Top of the 2nd over - 0 runs, 0 hits, 0 errors, 0 left on base; Toronto 0 - Seattle 1 |
| BOTTOM OF THE 2ND |
|
Seattle Pilots batting - Pitching for Toronto Blue Jays : RHP Melido Perez
|
|
Batting: LHB J.T. Snow
|
0-0: Fly out, F6 (Popup, 6M, EV 65.0 MPH)
|
|
Batting: LHB Marvin Benard
|
0-0: Ball 1-0: Foul Ball, location: 2F 1-1: SINGLE (Line Drive, 4MD, EV 100.0 MPH)
|
|
Batting: RHB Aaron Ledesma
|
0-0: Ball Marvin Benard steals 2nd base (no throw) 1-0: Ground out 4-3 (Groundball, 4M, EV 91.9 MPH) Marvin Benard to third
|
|
Batting: SHB Pat Listach
|
0-0: Ball 1-0: Foul Ball, location: 2F 1-1: Ball 2-1: Called Strike 2-2: Ground out 4-3 (Groundball, 4, EV 86.9 MPH)
|
| Bottom of the 2nd over - 0 runs, 1 hit, 0 errors, 1 left on base; Toronto 0 - Seattle 1 |
| TOP OF THE 3RD |
|
Toronto Blue Jays batting - Pitching for Seattle Pilots : LHP Randy Johnson
|
|
Batting: RHB Hector Villanueva
|
0-0: Ball 1-0: DOUBLE (Line Drive, 89D, EV 108.1 MPH)
|
|
Batting: SHB Tony Fernandez
|
0-0: Swinging Strike 0-1: Ball 1-1: Swinging Strike 1-2: Ball 2-2: Foul Ball, location: 2F 2-2: Foul Ball, location: 2F 2-2: Foul Ball, location: 2F 2-2: Strikes out swinging
|
|
Batting: RHB Darrin Jackson
|
0-0: Fly out, F9 (Flyball, 9, EV 97.5 MPH)
|
|
Batting: SHB Felix Jose
|
0-0: Called Strike 0-1: Ball 1-1: Swinging Strike 1-2: Strikes out looking
|
| Top of the 3rd over - 0 runs, 1 hit, 0 errors, 1 left on base; Toronto 0 - Seattle 1 |
| BOTTOM OF THE 3RD |
|
Seattle Pilots batting - Pitching for Toronto Blue Jays : RHP Melido Perez
|
|
Batting: SHB Bill R Mueller
|
0-0: Called Strike 0-1: Foul Ball, location: 2F 0-2: Ball 1-2: Ball 2-2: Strikes out swinging
|
|
Batting: RHB Edgar Martinez
|
0-0: SINGLE (Groundball, 6MD, EV 109.4 MPH)
|
|
Batting: LHB Ken Griffey Jr.
|
0-0: Called Strike 0-1: Swinging Strike 0-2: Ball 1-2: Ball 2-2: DOUBLE (Flyball, 8LXD, EV 93.8 MPH) Edgar Martinez to third
|
|
Batting: RHB Dante Bichette
|
0-0: Foul Ball, location: 2F 0-1: Ball 1-1: Ground out 6-3 (Groundball, 6, EV 81.3 MPH) Edgar Martinez scores Ken Griffey Jr. to third
|
|
Batting: RHB Francisco Cabrera
|
0-0: Called Strike 0-1: Ball 1-1: Foul Ball, location: 2F 1-2: Strikes out looking
|
| Bottom of the 3rd over - 1 run, 2 hits, 0 errors, 1 left on base; Toronto 0 - Seattle 2 |
| TOP OF THE 4TH |
|
Toronto Blue Jays batting - Pitching for Seattle Pilots : LHP Randy Johnson
|
|
Batting: RHB Derek Jeter
|
0-0: Ball 1-0: Ball 2-0: Ball 3-0: Base on Balls
|
|
Batting: LHB Will Clark
|
0-0: Foul Ball, location: 2F 0-1: Ball 1-1: Bunt missed! 1-2: Strikes out looking
|
|
Batting: RHB Mark McGwire
|
0-0: Called Strike 0-1: Ball 1-1: Foul Ball, location: 2F 1-2: Ball 2-2: Grounds into double play, 6-4-3 (Groundball, 6, EV 92.5 MPH)
|
| Top of the 4th over - 0 runs, 0 hits, 0 errors, 0 left on base; Toronto 0 - Seattle 2 |
| BOTTOM OF THE 4TH |
|
Seattle Pilots batting - Pitching for Toronto Blue Jays : RHP Melido Perez
|
|
Batting: LHB J.T. Snow
|
0-0: Swinging Strike 0-1: Called Strike 0-2: Strikes out looking
|
|
Batting: LHB Marvin Benard
|
0-0: Called Strike 0-1: Called Strike 0-2: Ball 1-2: Ball 2-2: Foul Ball, location: 2F 2-2: Ball 3-2: Strikes out swinging
|
|
Batting: RHB Aaron Ledesma
|
0-0: Swinging Strike 0-1: Foul Ball, location: 2F 0-2: Ball 1-2: Ball 2-2: Strikes out looking
|
| Bottom of the 4th over - 0 runs, 0 hits, 0 errors, 0 left on base; Toronto 0 - Seattle 2 |
| TOP OF THE 5TH |
|
Toronto Blue Jays batting - Pitching for Seattle Pilots : LHP Randy Johnson
|
|
Batting: RHB Ellis Burks
|
0-0: Ball 1-0: Swinging Strike 1-1: SINGLE (Groundball, 34D, EV 105.6 MPH)
|
|
Batting: RHB Dean Palmer
|
0-0: Foul Ball, location: 2F 0-1: Swinging Strike 0-2: Strikes out swinging
|
|
Batting: RHB Hector Villanueva
|
0-0: Ball 1-0: Ball 2-0: Grounds into double play, 4-6-3 (Groundball, 4, EV 84.4 MPH)
|
| Top of the 5th over - 0 runs, 1 hit, 0 errors, 0 left on base; Toronto 0 - Seattle 2 |
| BOTTOM OF THE 5TH |
|
Seattle Pilots batting - Pitching for Toronto Blue Jays : RHP Melido Perez
|
|
Batting: SHB Pat Listach
|
0-0: Ball 1-0: Ball 2-0: Ball 3-0: Called Strike 3-1: Called Strike 3-2: Strikes out looking
|
|
Batting: SHB Bill R Mueller
|
0-0: Ball 1-0: Foul Ball, location: 2F 1-1: Ground out 5-3 (Groundball, 56, EV 90.6 MPH)
|
|
Batting: RHB Edgar Martinez
|
0-0: Hit by Pitch
|
|
Batting: LHB Ken Griffey Jr.
|
0-0: Ball 1-0: Called Strike 1-1: Called Strike 1-2: Fly out, F8 (Line Drive, 8RD, EV 96.9 MPH)
|
| Bottom of the 5th over - 0 runs, 0 hits, 0 errors, 1 left on base; Toronto 0 - Seattle 2 |
| TOP OF THE 6TH |
|
Toronto Blue Jays batting - Pitching for Seattle Pilots : LHP Randy Johnson
|
|
Batting: SHB Tony Fernandez
|
0-0: Ball 1-0: Fly out, F4 (Popup, 4, EV 80.6 MPH)
|
|
Batting: RHB Darrin Jackson
|
0-0: Foul Ball, location: 2F 0-1: Foul Ball, location: 2F 0-2: Strikes out swinging, 2-3 out at first.
|
|
Batting: SHB Felix Jose
|
0-0: Ball 1-0: Fly out, F8 (Flyball, 8LM, EV 90.0 MPH)
|
| Top of the 6th over - 0 runs, 0 hits, 0 errors, 0 left on base; Toronto 0 - Seattle 2 |
| BOTTOM OF THE 6TH |
|
Seattle Pilots batting - Pitching for Toronto Blue Jays : RHP Melido Perez
|
|
Batting: RHB Dante Bichette
|
0-0: Ball 1-0: Foul Ball, location: 2F 1-1: Ground out 6-3 (Groundball, 6M, EV 102.5 MPH)
|
|
Now at SS: Torey Lovullo
|
|
|
Batting: RHB Francisco Cabrera
|
0-0: Fly out, F9 (Flyball, 89S, EV 81.9 MPH)
|
|
Batting: LHB J.T. Snow
|
0-0: Called Strike 0-1: Ball 1-1: Ball 2-1: Foul Ball, location: 2F 2-2: Strikes out swinging
|
| Bottom of the 6th over - 0 runs, 0 hits, 0 errors, 0 left on base; Toronto 0 - Seattle 2 |
| TOP OF THE 7TH |
|
Toronto Blue Jays batting - Pitching for Seattle Pilots : LHP Randy Johnson
|
|
Batting: RHB Derek Jeter
|
0-0: Foul Ball, location: 2F 0-1: Swinging Strike 0-2: Strikes out swinging
|
|
Batting: LHB Will Clark
|
0-0: Swinging Strike 0-1: Swinging Strike 0-2: Foul Ball, location: 2F 0-2: Strikes out swinging
|
|
Batting: RHB Mark McGwire
|
0-0: Foul Ball, location: 2F 0-1: Fly out, F3 (Popup, 34, EV 76.9 MPH)
|
| Top of the 7th over - 0 runs, 0 hits, 0 errors, 0 left on base; Toronto 0 - Seattle 2 |
| BOTTOM OF THE 7TH |
|
Seattle Pilots batting - Pitching for Toronto Blue Jays : RHP Melido Perez
|
|
Batting: LHB Marvin Benard
|
0-0: Called Strike 0-1: SINGLE (Line Drive, 3D, EV 106.3 MPH)
|
|
Batting: RHB Aaron Ledesma
|
0-0: Ball 1-0: Foul Ball, location: 2F 1-1: SINGLE (Line Drive, 8RS, EV 94.4 MPH) Marvin Benard to second Runner from 2nd tries for 3rd, SAFE, no throw by CF
|
|
Batting: SHB Pat Listach
|
0-0: Called Strike 0-1: Ball 1-1: Ball 2-1: Swinging Strike 2-2: Strikes out swinging
|
|
Batting: SHB Bill R Mueller
|
0-0: Called Strike 0-1: Ball 1-1: Called Strike 1-2: Ball 2-2: Foul Ball, location: 2F 2-2: Fly out, F9 (Flyball, 9, EV 94.4 MPH) Runner from 3rd tags up, SCORES, no throw by RF
|
|
Pitching: RHP Frank Wills
|
|
|
Batting: RHB Edgar Martinez
|
0-0: Foul Ball, location: 2F 0-1: Ball 1-1: SINGLE (Groundball, 15S, EV 67.5 MPH) (infield hit) Aaron Ledesma to second
|
|
Batting: LHB Ken Griffey Jr.
|
0-0: Called Strike 0-1: Ground out 4-3 (Groundball, 4, EV 105.6 MPH)
|
| Bottom of the 7th over - 1 run, 3 hits, 0 errors, 2 left on base; Toronto 0 - Seattle 3 |
| TOP OF THE 8TH |
|
Toronto Blue Jays batting - Pitching for Seattle Pilots : LHP Randy Johnson
|
|
Batting: RHB Ellis Burks
|
0-0: Swinging Strike 0-1: Foul Ball, location: 2F 0-2: Strikes out looking
|
|
Batting: RHB Dean Palmer
|
0-0: Ball 1-0: Ball 2-0: Ball 3-0: Called Strike 3-1: Called Strike 3-2: Fly out, F8 (Line Drive, 8LD, EV 103.1 MPH)
|
|
Batting: RHB Hector Villanueva
|
0-0: Ball 1-0: Called Strike 1-1: Called Strike 1-2: Foul Ball, location: 2F 1-2: Reached on error, E5 (Groundball, 5S, EV 89.4 MPH)
|
|
Batting: SHB Torey Lovullo
|
0-0: Ball 1-0: Swinging Strike 1-1: Called Strike 1-2: Foul Ball, location: 2F 1-2: Foul Ball, location: 2F 1-2: Strikes out swinging
|
| Top of the 8th over - 0 runs, 0 hits, 1 error, 1 left on base; Toronto 0 - Seattle 3 |
| BOTTOM OF THE 8TH |
|
Seattle Pilots batting - Pitching for Toronto Blue Jays : RHP Frank Wills
|
|
Batting: RHB Dante Bichette
|
0-0: Called Strike 0-1: Swinging Strike 0-2: Ball 1-2: Ground out 5-3 (Groundball, 56, EV 102.5 MPH)
|
|
Batting: RHB Francisco Cabrera
|
0-0: Swinging Strike 0-1: Ball 1-1: Foul Ball, location: 2F 1-2: Ground out 6-3 (Groundball, 6, EV 93.8 MPH)
|
|
Batting: LHB J.T. Snow
|
0-0: Fly out, F8 (Line Drive, 8LM, EV 92.5 MPH)
|
| Bottom of the 8th over - 0 runs, 0 hits, 0 errors, 0 left on base; Toronto 0 - Seattle 3 |
| TOP OF THE 9TH |
|
Toronto Blue Jays batting - Pitching for Seattle Pilots : LHP Randy Johnson
|
|
Batting: RHB Darrin Jackson
|
0-0: Ball 1-0: Ball 2-0: Swinging Strike 2-1: Swinging Strike 2-2: Strikes out swinging
|
|
Batting: SHB Felix Jose
|
0-0: Ball 1-0: Ball 2-0: Ball 3-0: Called Strike 3-1: Foul Ball, location: 2F 3-2: Base on Balls
|
|
Pitching: RHP Darren Holmes
|
|
|
Batting: RHB Derek Jeter
|
0-0: Called Strike 0-1: Foul Ball, location: 2F 0-2: Ball 1-2: Ball 2-2: Strikes out swinging
|
|
Batting: LHB Will Clark
|
0-0: Ball Passed Ball! Felix Jose to second 1-0: Called Strike 1-1: Foul Ball, location: 2F 1-2: Ball 2-2: Foul Ball, location: 2F 2-2: Ball 3-2: Strikes out swinging
|
| Top of the 9th over - 0 runs, 0 hits, 0 errors, 1 left on base; Toronto 0 - Seattle 3 |
|